Map: Abiogenesis LE

Players

Honor - Winner!

  • Race: Protoss Protoss
  • League: Master
  • Spawn Location: 5:00

A.I. 1 (Elite)

  • Race: Zerg Zerg
  • Spawn Location: 11:00

VOD

https://www.bonjwa.de/academy/starcraft/live/2018-03-29/advanced-training-woche-3-von-6

Description

Time

  • Played on: March 22, 2018, 8:55 a.m.
  • Length: 7:59
Show
View Real Time Build Order
Export as new Build Order

Honor Protoss - Winner!

Build Orders: 1 Gate Expand 

Get SALT Encoding   

  12  0:00  Probe  
  13  0:12  Probe  
  14  0:18  Pylon  
  14  0:25  Probe  
  15  0:37  Probe (Chrono Boost)  
  15  0:38  Gateway  
  16  0:48  Assimilator, Probe (Chrono Boost)  
  17  0:54  Probe (Chrono Boost)  
  18  1:03  Probe  
  19  1:25  Nexus  
  19  1:38  Cybernetics Core  
  19  1:39  Probe (Chrono Boost)  
  20  1:50  Probe (Chrono Boost)  
  20  1:51  Pylon  
  21  1:55  Probe (Chrono Boost)  
  21  2:00  Assimilator  
  22  2:05  Probe  
  23  2:12  Stalker (Chrono Boost)  
  25  2:16  Warp Gate  
  25  2:17  Probe  
  27  2:30  Probe  
  27  2:34  Robotics Facility  
  27  2:40  Probe  
  28  2:45  Stalker  
  28  2:48  Probe  
  31  2:52  Probe  
  32  3:01  Probe  
  32  3:04  Probe  
  34  3:06  Gateway  
  34  3:13  Probe  
  34  3:16  Probe  
  34  3:17  Sentry  
  38  3:22  Observer (Chrono Boost)  
  38  3:25  Probe  
  40  3:28  Probe, Pylon  
  41  3:35  Immortal (Chrono Boost)  
  45  3:43  Forge  
  45  3:44  Probe  
  45  3:47  Probe  
  47  3:56  Assimilator, Probe  
  47  3:58  Pylon  
  47  3:59  Probe  
  47  4:02  Immortal (Chrono Boost)  
  49  4:08  Probe  
  49  4:09  Protoss Ground Weapons Level 1 (Chrono Boost)  
  50  4:16  Probe  
  55  4:21  Probe  
  56  4:25  Pylon  
  56  4:28  Stalker x2  
  60  4:43  Immortal (Chrono Boost)  
  64  4:53  Pylon  
  64  4:55  Pylon  
  64  4:59  Gateway  
  64  5:00  Gateway  
  64  5:02  Gateway  
  64  5:05  Gateway  
  64  5:16  Sentry x2  
  64  5:19  Warp Prism (Chrono Boost)  
  70  5:22  Photon Cannon  
  70  5:26  Photon Cannon  
  70  5:37  Pylon  
  70  5:43  Pylon  
  70  5:44  Stalker x2  
  74  6:03  Adept x4  
  82  6:08  Adept x2  
  86  6:18  Pylon  
  86  6:29  Stalker x5  
  86  6:30  Stalker  
  94  6:51  Adept x2  
  94  6:52  Adept x3  
  94  6:53  Adept  
  94  7:06  Pylon  
  94  7:08  Pylon  
  94  7:11  Sentry x2  
  94  7:15  Stalker x3  
  102  7:18  Adept  
  104  7:40  Adept x4  
  104  7:41  Adept x2  
Show
View Real Time Build Order
Export as new Build Order

A.I. 1 (Elite) Zerg 

Build Orders: Pool First 

Get SALT Encoding   

  12  0:00  Drone  
  13  0:12  Overlord  
  13  0:16  Drone  
  14  0:30  Drone x2  
  16  0:42  Spawning Pool  
  16  0:45  Drone  
  16  0:50  Drone  
  17  1:14  Hatchery  
  17  1:15  Drone  
  17  1:19  Extractor  
  17  1:22  Drone  
  17  1:25  Drone  
  17  1:30  Drone  
  19  1:38  Overlord  
  19  1:49  Drone  
  19  1:53  Queen  
  22  2:00  Zergling x2  
  23  2:10  Drone  
  24  2:21  Drone  
  25  2:28  Roach Warren  
  25  2:29  Queen  
  26  2:33  Drone  
  27  2:39  Extractor, Drone  
  27  2:46  Overlord  
  27  2:49  Drone  
  28  2:53  Drone  
  28  2:56  Drone  
  30  2:59  Drone  
  30  3:02  Drone  
  30  3:04  Zergling x2  
  33  3:08  Zergling x2  
  36  3:13  Roach  
  36  3:17  Roach  
  38  3:20  Roach  
  38  3:24  Roach  
  42  3:28  Drone  
  42  3:30  Drone  
  44  3:35  Overlord  
  44  3:42  Lair  
  44  3:46  Metabolic Boost  
  44  3:53  Drone  
  44  3:54  Drone  
  46  3:57  Drone  
  46  3:58  Drone  
  46  4:01  Drone  
  49  4:03  Drone  
  49  4:05  Drone  
  51  4:10  Overlord  
  51  4:12  Drone  
  52  4:18  Evolution Chamber, Drone  
  52  4:22  Evolution Chamber  
  52  4:23  Drone  
  52  4:28  Drone x2  
  54  4:32  Drone  
  54  4:34  Drone  
  54  4:36  Drone  
  54  4:38  Drone  
  58  4:43  Infestation Pit, Drone  
  58  4:44  Zerg Missile Weapons Level 1  
  58  4:48  Zerg Ground Armor Level 1  
  58  4:52  Overlord  
  58  4:54  Overlord  
  58  4:56  Drone  
  58  4:58  Zergling x2  
  60  5:10  Extractor, Drone x3  
  60  5:11  Drone  
  60  5:12  Hydralisk Den  
  60  5:13  Drone  
  63  5:15  Roach  
  63  5:18  Roach  
  63  5:21  Overlord  
  67  5:23  Roach  
  67  5:25  Roach  
  71  5:32  Extractor, Drone x2  
  71  5:35  Drone  
  73  5:36  Drone  
  73  5:39  Overlord  
  73  5:41  Hydralisk x2  
  73  5:42  Hydralisk  
  80  5:44  Hydralisk  
  80  5:47  Hydralisk  
  84  5:57  Hydralisk, Drone  
  84  5:58  Overlord  
  84  5:59  Drone  
  88  6:05  Ravager  
  88  6:10  Roach, Ravager  
  92  6:14  Hatchery  
  92  6:15  Drone  
  92  6:17  Overlord, Roach  
  93  6:26  Lurker Den  
  93  6:27  Drone  
  93  6:37  Overlord, Roach  
  95  6:40  Roach, Zergling x2  
  95  6:42  Roach, Zergling x4  
  95  6:44  Zergling x2  
  95  6:45  Zergling x2  
  95  6:46  Zergling x4  
  94  6:50  Roach  
  74  6:54  Hydralisk  
  74  7:00  Hydralisk  
  72  7:06  Roach  
  72  7:07  Overseer  
  62  7:11  Roach  
  59  7:17  Hydralisk, Roach  
  59  7:20  Roach  
  61  7:23  Zergling x2  
  32  7:41  Zergling x2  
Tags
 
Add a new tag
Caveats
  • Supply blocks, unpowered buildings, or Contaminate may cause inaccurate times.
  • Supply counts are checked every 10 seconds.